 Dungeon Sprint DCSS version 0.32-a0-825-g0e82a1035d (webtiles) character file.

Game seed: 9124743763677226827

713 Gladio the Basher (level 7, -6/73 HPs)
             Began as a Mountain Dwarf Fighter on Mar 25, 2024.
             Was a Follower of Beogh.
             Mangled by a cyan ugly thing (16 damage)
             ... in the Dungeon (Sprint IX: "|||||||||||||||||||||||||||||").
             The game lasted 00:01:37 (370 turns).

Gladio the Basher (Mountain Dwarf Fighter)           Turns: 370, Time: 00:01:37

Health: -6/73      AC: 14    Str: 20    XL:     7   Next: 41%
Magic:  7/7        EV:  7    Int:  9    God:    Beogh [*.....]
Gold:   0          SH:  5    Dex:  9    Spells: 6/6 levels left

rFire   . . .        r - +2 morningstar (flame)
rCold   . . .        c - +0 buckler
rNeg    . . .        p - +1 chain mail
rPois   .            (no helmet)
rElec   .            q - +0 cloak
rCorr   .            (no gloves)
SInv    .            o - +0 pair of boots
Will    .....        (no amulet) Stlth
                     (no ring)
HPRegen 0.32/turn    (no ring)
MPRegen 0.10/turn

%: no teleportation
@: invisible
A: runic magic, artefact enchanting
a: Renounce Religion


You were in the Dungeon.
You worshipped Beogh.
Beogh was aware of your devotion.
You visited 1 branch

Inventory:

Hand Weapons
 a - a +0 flail
 r - a +2 morningstar of flaming (weapon)
Armour
 b - a +0 scale mail
 c - a +0 buckler (worn)
 o - a +0 pair of boots (worn)
 p - a +1 chain mail (worn)
 q - a +0 cloak (worn)
Jewellery
 m - a +2 ring of protection
 n - a +2 ring of evasion
Wands
 l - a wand of light (6)
Scrolls
 j - 2 scrolls of blinking
 k - 2 scrolls of amnesia
Potions
 d - a potion of might
 e - 5 potions of curing
 f - a potion of heal wounds
 g - a potion of haste
 h - 4 potions of magic


   Skills:
 + Level 10.4 Fighting
 * Level 13.6 Maces & Flails
 - Level 6.6 Armour
 - Level 6.6 Shields


You had 6 spell levels left.
You didn't know any spells.
Your spell library was empty.

Dungeon Overview and Level Annotations

Branches:
Dungeon (1/1)

Altars:
Cheibriados
Dithmenos
Elyvilon
Fedhas
Gozag
Hepliaklqana
Kikubaaqudgha
Makhleb
Nemelex Xobeh
Okawaru
Qazlal
Ru
Sif Muna
Trog
Uskayaw
Vehumet
Wu Jian
Xom
Yredelemnul
Zin
The Shining One
Beogh
Jiyva
Lugonu


Innate Abilities, Weirdness & Mutations

Your spellcasting is much less encumbered by armour.
You can use scrolls of enchantment on lesser artefacts.


Message History

The bolt of light hits the cyan ugly thing.
The cyan ugly thing is moderately wounded.
The cyan ugly thing is blinded.
The bolt of light hits the fire elemental!
The fire elemental is almost destroyed.
The bolt of light hits the deep elf pyromancer!
The deep elf pyromancer is lightly wounded.
The bolt of light hits the slime creature!
The slime creature is moderately wounded.
The bolt of light hits the wraith.
The wraith is lightly damaged.
The deep elf pyromancer is no longer blind.
The cyan ugly thing engulfs you. The cyan ugly thing shocks you!
* * * LOW HITPOINT WARNING * * *
Aiming: Bolt of Light
Press: ? - help, Q - select action Shift-Dir - straight line, f/p - wraith
Aim: a wraith (lightly damaged, 71% to hit)
The bolt of light hits the cyan ugly thing!
The cyan ugly thing is heavily wounded.
The bolt of light hits the fire elemental!!
You destroy the fire elemental!
The fire elemental disappears in a puff of smoke!
The bolt of light hits the deep elf pyromancer.
The deep elf pyromancer is moderately wounded.
The deep elf pyromancer is blinded.
The bolt of light hits the slime creature!
The slime creature is heavily wounded.
The bolt of light hits the wraith!
The wraith is heavily damaged.
The cyan ugly thing engulfs you but does no damage.
You puncture the cyan ugly thing! You burn the cyan ugly thing.
The cyan ugly thing is severely wounded.
The cyan ugly thing barely misses you.
You puncture the cyan ugly thing! You burn the cyan ugly thing.
The cyan ugly thing is severely wounded.
The kobold demonologist gestures wildly while chanting.
The cyan ugly thing engulfs you.
* * * LOW HITPOINT WARNING * * *
The cyan ugly thing shocks you!
You die...

▓.▓
▓.▓
▓)▓
▓.▓
▓.▓
▓.▓
▓.▓
▓.▓
▓@▓
▓u▓
▓e▓
▓J▓
▓W▓
▓c▓
▓5▓
▓K▓


You could see a cyan ugly thing (blind, unable to see you), a slime creature
(unable to see you), a centaur warrior (unable to see you), a deep elf
pyromancer (blind, unable to see you), a kobold demonologist (unable to see
you), a wraith and a shadow imp (summoned, wandering, unable to see you).

Vanquished Creatures
  A shadow (D)
  A wyvern (D)
  2 acid dragons (D)
  A centaur (D)
  A hound (D)
  2 iguanas (D)
  An orc wizard (D)
  An orc (D)
  2 endoplasms (D)
  3 kobolds (D)
15 creatures vanquished.

Vanquished Creatures (others)
  A yak (D)
1 creature vanquished.

Grand Total: 16 creatures vanquished

Notes
Turn   | Place    | Note
-------+----------+-------------------------------------------
     0 | D        | Gladio the Mountain Dwarf Fighter began the quest for the
                  | Orb.
     0 | D        | Reached XP level 1. HP: 19/19 MP: 1/1
    18 | D        | Reached skill level 3 in Maces & Flails
    31 | D        | Noticed an iguana
    31 | D        | Noticed a hound
    31 | D        | Noticed an iguana
    31 | D        | Noticed a centaur
    34 | D        | Killed an iguana
    35 | D        | Reached skill level 4 in Maces & Flails
    35 | D        | Reached XP level 2. HP: 28/28 MP: 2/2
    35 | D        | Reached XP level 3. HP: 34/34 MP: 3/3
    38 | D        | Reached skill level 5 in Fighting
    38 | D        | Reached skill level 5 in Maces & Flails
    38 | D        | Reached skill level 5 in Armour
    38 | D        | Reached skill level 5 in Shields
    40 | D        | Reached XP level 4. HP: 42/42 MP: 4/4
    42 | D        | Killed a centaur
    43 | D        | Reached skill level 6 in Maces & Flails
    43 | D        | Reached XP level 5. HP: 49/51 MP: 5/5
   102 | D        | Found a roughly hewn altar of Beogh.
   102 | D        | Found a snail-covered altar of Cheibriados.
   102 | D        | Found a shadowy altar of Dithmenos.
   102 | D        | Found a white marble altar of Elyvilon.
   102 | D        | Found a blossoming altar of Fedhas.
   102 | D        | Found an opulent altar of Gozag.
   103 | D        | Found a hazy altar of Hepliaklqana.
   104 | D        | Found a viscous altar of Jiyva.
   105 | D        | Became a worshipper of Beogh the Shepherd
   106 | D        | Found an ancient bone altar of Kikubaaqudgha.
   107 | D        | Found a corrupted altar of Lugonu.
   108 | D        | Found a burning altar of Makhleb.
   109 | D        | Found a sparkling altar of Nemelex Xobeh.
   110 | D        | Found an iron altar of Okawaru.
   111 | D        | Found a stormy altar of Qazlal.
   112 | D        | Found a sacrificial altar of Ru.
   113 | D        | Found a shimmering blue altar of Sif Muna.
   114 | D        | Found a bloodstained altar of Trog.
   115 | D        | Found a hide-covered altar of Uskayaw.
   116 | D        | Found a radiant altar of Vehumet.
   117 | D        | Found an ornate altar of the Wu Jian Council.
   118 | D        | Found a shimmering altar of Xom.
   119 | D        | Found a basalt altar of Yredelemnul.
   120 | D        | Found a glowing silver altar of Zin.
   121 | D        | Found a glowing golden altar of the Shining One.
   180 | D        | Noticed a wyvern
   180 | D        | Noticed a shadow
   180 | D        | Noticed an acid dragon
   180 | D        | Noticed a yak
   180 | D        | Noticed an acid dragon
   182 | D        | Killed a wyvern
   183 | D        | Reached skill level 9 in Maces & Flails
   183 | D        | Reached XP level 6. HP: 51/61 MP: 6/6
   187 | D        | Killed a yak
   188 | D        | Reached skill level 10 in Maces & Flails
   188 | D        | Killed a shadow
   189 | D        | Reached skill level 12 in Maces & Flails
   192 | D        | Reached * piety under Beogh
   193 | D        | Reached XP level 7. HP: 52/70 MP: 7/7
   201 | D        | Reached skill level 10 in Fighting
   207 | D        | Reached skill level 13 in Maces & Flails
   359 | D        | Noticed a cyan ugly thing
   359 | D        | Noticed a deep elf pyromancer
   359 | D        | Noticed a slime creature
   359 | D        | Noticed a wraith
   359 | D        | Noticed a centaur warrior
   359 | D        | Noticed a kobold demonologist
   360 | D        | Noticed a fire elemental
   370 | D        | Mangled by a cyan ugly thing

Illustrated notes

Levels and vault maps discovered:
D:        linesprint [early_d, line_temple, items_1, d_10, items_2, lair_1,
          lair_end, items_3, orc_1, orc_end, items_4, d_15, swamp_1, shoals_1,
          snake_1, spider_1, d_20, vaults_1, items_5, swamp_end, shoals_end,
          snake_end, spider_end, vaults_end, d_27, items_6, zot_1, zot_end,
          crypt_end, forest_end, elf_end, slime_end, tomb_end, abyss_end,
          pan_hell_end]

Skill      XL: |  1  2  3  4  5  6  7 |
---------------+----------------------+-----
Maces & Flails | 4 5 6 9 12 13 | 13.6
Fighting       | 4 5 6 8 9 10 | 10.4
Armour         | 4 5 6 |  6.6
Shields        | 4 5 6 |  6.6

Action                     |  1- 3 |  4- 6 |  7- 9 || total
---------------------------+-------+-------+-------++-------
  Melee: Flail             |    24 |     4 |       ||    28
         Morningstar       |       |    11 |    19 ||    30
  Evoke: Wand              |       |     1 |     3 ||     4
    Use: Potion            |     1 |       |     3 ||     4
   Stab: Invisible         |       |       |     1 ||     1
 Armour: Scale mail        |    22 |     3 |       ||    25
         Chain mail        |       |     9 |    23 ||    32
  Dodge: Dodged            |     5 |       |     7 ||    12
  Block: Buckler           |     3 |     1 |     3 ||     7

Table legend: (Time is in decaauts)
 A = Elapsed time spent in this place.
 B = Non-inter-level travel time spent in this place.
 C = Inter-level travel time spent in this place.
 D = Time resting spent in this place.
 E = Time spent auto-exploring this place.
 F = Levels seen in this place.
 G = Mean time per level.
                   A        B        C        D        E       F      G
               +--------+--------+--------+--------+--------+-----+--------+
         Total |    378 |    371 |      7 |      0 |    215 |   1 |  378.0 |
       Dungeon |    378 |    371 |      7 |      0 |    215 |   1 |  378.0 |
               +--------+--------+--------+--------+--------+-----+--------+

Top non-repeatable levels by time:
       D: 378 daAuts
